 Dungeon Crawl Stone Soup version 0.30.1-9-gdf580d7c3d (webtiles) character file.

Game seed: 3573451121659297356

42003 Ironcache the Brawler (level 14, -12/115 HPs)
             Began as a Meteoran Gladiator on Oct 6, 2023.
             Was a High Priest of Okawaru.
             Killed from afar by a shock serpent (15 damage)
             ... with a bolt of electricity
             ... on level 3 of the Snake Pit.
             The game lasted 01:45:44 (8637 turns).

Ironcache the Brawler (Meteoran Gladiator)          Turns: 8637, Time: 01:45:45

Health: -12/115    AC: 26    Str: 38    XL:     14   Next: 94%
Magic:  22/22      EV: 18    Int: 11    God:    Okawaru [*****.]
Gold:   1053       SH:  5    Dex: 17    Spells: 13/13 levels left

rFire   . .          .
                       - Unarmed
rCold   . . .        (no shield)
rNeg    . . .        U - +2 plate armour {Will+}
rPois   .            b - +0 helmet
rElec   .            p - +0 cloak of Charred Wonder {rCorr Str+10 Int+2 Dex-5}
rCorr   +            V - +1 pair of gloves {hurl}
SInv    .            I - +0 pair of boots
Will    ++...        K - amulet of reflection Stlth
                     s - +6 ring of strength
HPRegen 0.39/turn    F - +6 ring of dexterity
MPRegen 0.18/turn

%: reflection
@: heroic, finesse-ful, glowing, studying Dodging
A: sense surroundings 2, otherworldly, glowing, explore regen
a: Renounce Religion, Heroism, Finesse, Duel


You were on level 3 of the Snake Pit.
You worshipped Okawaru.
Okawaru was extremely pleased with you.
You visited 3 branches of the dungeon, and saw 17 of its levels.
You also visited: Bailey and Ice Cave.

You collected 1069 gold pieces.
You spent 16 gold pieces at shops.

Inventory:

Missiles
 c - 3 throwing nets
 h - 81 stones (quivered)
 m - 6 silver javelins
 o - a boomerang
 B - a silver boomerang
Armour
 b - a +0 helmet (worn)
 i - a +0 buckler of cold resistance
 j - a +2 leather armour of poison resistance
 p - the +0 cloak of Charred Wonder (worn) {rCorr Str+10 Int+2 Dex-5}
   (Okawaru gifted it to you on level 2 of the Snake Pit)

   Str:       It affects your strength (+10).
   Int:       It affects your intelligence (+2).
   Dex:       It affects your dexterity (-5).
   rCorr:     It protects you from acid and corrosion.
 y - a +2 robe of cold resistance
 I - a +0 pair of boots (worn)
 M - a +1 plate armour of positive energy
 N - a +2 chain mail of fire resistance
 S - the +0 robe of Kudej {rElec rF+ rCorr Dex+4}
   (You found it in a bailey)

   Dex:       It affects your dexterity (+4).
   rF:        It protects you from fire.
   rElec:     It insulates you from electricity.
   rCorr:     It protects you from acid and corrosion.
 U - a +2 plate armour of willpower (worn)
 V - a +1 pair of gloves of hurling (worn)
Jewellery
 s - a +6 ring of strength (left hand)
 D - a ring of ice
 F - a +6 ring of dexterity (right hand)
 H - a ring of positive energy
 K - an amulet of reflection (around neck)
 Q - the ring of Bodily Harmony {rF+ MP+9 Str+3 Slay-3 Stlth+}
   (You found it on level 2 of the Lair of Beasts)

   [ring of magical power]

   Str:       It affects your strength (+3).
   Slay:      It affects your accuracy & damage with ranged weapons and melee
   (-3).
   rF:        It protects you from fire.
   MP:        It affects your magic capacity (+9).
   Stlth:     It makes you more stealthy.
 Z - a ring of positive energy
Wands
 a - a wand of digging (4)
 v - a wand of mindburst (15)
 A - a wand of polymorph (14)
 G - a wand of quicksilver (15)
 W - a wand of paralysis (9)
Scrolls
 d - a scroll of amnesia {unknown}
 e - 2 scrolls of identify
 g - 7 scrolls of teleportation
 q - 2 scrolls of enchant armour
 r - 4 scrolls of fog
 t - 8 scrolls of magic mapping
 O - a scroll of blinking {unknown}
 T - a scroll of vulnerability {unknown}
 Y - a scroll of fear
Potions
 f - 4 potions of might
 k - a potion of lignification {unknown}
 l - 7 potions of curing
 n - 2 potions of flight
 u - 6 potions of heal wounds
 w - 2 potions of mutation
 x - a potion of berserk rage {unknown}
 z - a potion of experience {unknown}
 C - 2 potions of haste {unknown}
 E - 2 potions of magic
 J - 2 potions of resistance {unknown}
 L - 3 potions of cancellation {unknown}
 P - 4 potions of invisibility {unknown}
 R - a potion of brilliance {unknown}
 X - 5 potions of ambrosia {unknown}


   Skills:
 + Level 11.0(16.0) Fighting
 + Level 12.1(17.1) Throwing
 + Level 10.7(15.7) Armour
 + Level 11.8(16.8) Dodging
 * Level 16.7(21.7) Unarmed Combat
 + Level 10.2 Invocations


You had 13 spell levels left.
You didn't know any spells.
Your spell library contained the following spells:

 Spells                   Type           Power      Damage    Failure   Level
 Ensorcelled Hibernation  Hex/Ice        0%         N/A       89%         2
 Passwall                 Tmut/Erth      0%         N/A       89%         2
 Sublimation of Blood     Necr           0%         N/A       89%         2
 Swiftness                Air            0%         N/A       98%         3
 Passage of Golubria      Tloc           0%         N/A       100%        4
 Petrify                  Tmut/Erth      0%         N/A       100%        4
 Fireball                 Conj/Fire      0%         3d3       100%        5
 Irradiate                Conj/Tmut      0%         3d11      100%        5
 Iskenderun's Battlesphe  Conj           0%         2d6       100%        5
 Yara's Violent Unravell  Hex/Tmut       0%         3d3       100%        5
 Conjure Ball Lightning   Conj/Air       0%         3x3d6     100%        6
 Orb of Destruction       Conj           0%         9d5       100%        7
 Borgnjor's Revivificati  Necr           0%         N/A       100%        8
 Necromutation            Tmut/Necr      0%         N/A       100%        8
 Death's Door             Necr           0%         N/A       100%        9
 Tukima's Dance           Hex            Unusable   N/A       N/A         3

Dungeon Overview and Level Annotations

Branches:
Dungeon (9/15) Zot: 1089   Temple (0/1) D:5            Lair (5/5) D:9 Zot: 147
  Swamp (0/4) Lair:2        Snake (3/4) Lair:2 Zot: 1582   Slime (0/5) Lair:4
 Bailey (visited)           IceCv (visited)
    Orc: D:9-12

Altars:
Gozag
Hepliaklqana
Makhleb
Nemelex Xobeh
Okawaru
Yredelemnul
Zin
Jiyva

Shops:
D:1 *:   D:7 !


Innate Abilities, Weirdness & Mutations

You passively map the area around you.
You are easily found by Zot.
You glow in the dark.
You regain HP and MP as you explore.


Message History

The black mamba is severely wounded.
You block the black mamba's attack. The black mamba bites you.
You are more poisoned.
The black mamba poisons you!
You completely miss the black mamba. You punch the black mamba!
You kill the black mamba!
Okawaru accepts your kill.
You feel sick.
You feel better.
The black mamba bites you but does no damage.
The black mamba bites you! The black mamba barely misses you.
You barely miss the shock serpent. You punch the shock serpent!
The shock serpent is moderately wounded.
The shock serpent's electric aura discharges, shocking you!
* * * LOW HITPOINT WARNING * * *
The black mamba bites you.
* * * LOW HITPOINT WARNING * * *
You are poisoned.
The black mamba poisons you! The shock serpent misses you.
You pummel the black mamba!! You punch the black mamba!
The black mamba is almost dead.
You feel sick. The black mamba misses you.
You closely miss the black mamba.
The black mamba is almost dead.
You feel sick. The black mamba barely misses you. The black mamba bites you.
* * * LOW HITPOINT WARNING * * *
The shock serpent bites you.
* * * LOW HITPOINT WARNING * * *
The shock serpent shocks you!
* * * LOW HITPOINT WARNING * * *
You feel better. You block the black mamba's attack. x2
The shock serpent bites you but does no damage.
The black mamba bites you but does no damage.
You barely miss the black mamba.
The black mamba is almost dead.
The black mamba bites you!
* * * LOW HITPOINT WARNING * * *
The shock serpent shoots out a bolt of lightning at you!
The bolt of electricity hits you!
You die...

* , * ,
,..* ** +
,, , * *
#.# *## , *
, , #... ..
, *
##...#.####
*, ,,
#....#)...
, , * *
#........#
* , , ,
......S..##
*, , ***
#.S@..# , *
* *#..S.###
, * *
#.[.....# ,
, ,
#..!...## *
*, ,
.^?.... * *
* .....##
*, , .....
* , * *
..... * , ,
* , ,


You could see a shock serpent and 2 black mambas.

Vanquished Creatures
  A fire dragon (Lair:5)
  Fannar (Lair:2)
  3 hydras
  An anaconda (Snake:2)
  6 death yaks
  A shock serpent (Snake:2)
  A naga sharpshooter (Snake:2)
  A skyshark (Lair:3)
  A swamp dragon (Lair:5)
  Pikel (D:8)
  A lindwurm (Lair:3)
  A mana viper (Snake:2)
  A wolf spider (Lair:5)
  2 salamanders (Snake:2)
  5 black mambas
  A gargoyle (Bailey)
  A torpor snail (Lair:4)
  5 rime drakes
  7 cane toads
  2 naga magi (Snake:2)
  5 komodo dragons
  An ice devil (IceCv)
  9 polar bears (Lair:5)
  Grinder (D:3)
  A raiju (Lair:5)
  2 dream sheep (Lair:4)
  9 blink frogs
  The ghost of ChiefBigBeans the Shooter, an amateur TeHu (D:3)
  3 slime creatures (Lair:4)
  Sigmund (D:2)
  A vampire (Bailey)
  A wyvern (D:8)
  24 yaks
  2 basilisks
  A steam dragon (Lair:5)
  2 vampire mosquitoes (D:6)
  4 wargs (Lair:5)
  4 nagas
  2 acid dragons (Lair:5)
  16 hell hounds (Lair:5)
  18 water moccasins
  2 swamp drakes (Lair:5)
  5 orc warriors
  A sky beast (D:6)
  13 black bears
  An ogre (D:7)
  22 wolves
  2 phantoms
  2 centaurs
  3 kobold brigands
  9 bullfrogs
  3 scorpions
  4 two-headed ogre simulacra (IceCv)
  13 wights
  5 killer bees (D:8)
  3 electric eels (Lair:3)
  A howler monkey (D:4)
  10 vampire bats (Bailey)
  5 wolf zombies (Bailey)
  6 hounds
  A jelly (Lair:4)
  Crazy Yiuf (D:2)
  A gnoll bouda (D:8)
  9 orc priests
  Ijyb (D:2)
  Terence (D:2)
  3 sleepcaps
  3 iguanas
  5 orc wizards
  2 hell rats (Lair:4)
  A polar bear simulacrum (IceCv)
  4 troll simulacra (IceCv)
  4 spriggan simulacra (IceCv)
  A wolf simulacrum (IceCv)
  Robin (D:3)
  12 adders
  12 gnolls
  5 river rats (Lair:4)
  5 naga simulacra (IceCv)
  A shadow imp (D:5)
  7 white imps (IceCv)
  4 ufetubi
  2 worms
  A dart slug (D:3)
  29 orcs
  12 ball pythons
  5 endoplasms
  3 giant cockroaches
  19 goblins
  11 hobgoblins
  4 jackals (D:4)
  3 quokkas
  7 bats
  4 frilled lizards
  22 kobolds
  17 orc zombies (Bailey)
  11 rats
  A spectral orc (D:3)
496 creatures vanquished.

Vanquished Creatures (others)
  A kobold brigand (D:8)
  An iguana (Lair:5)
2 creatures vanquished.

Grand Total: 498 creatures vanquished

Notes
Turn   | Place    | Note
-------+----------+-------------------------------------------
     0 | D:1      | Ironcache the Meteoran Gladiator began the quest for the
                  | Orb.
     0 | D:1      | Reached XP level 1. HP: 17/17 MP: 2/2
   107 | D:1      | Reached XP level 2. HP: 25/25 MP: 3/3
   151 | D:1      | Reached skill level 4 in Unarmed Combat
   273 | D:1      | Found Goidepp's Book Boutique.
   275 | D:1      | Reached XP level 3. HP: 30/30 MP: 4/4
   427 | D:1      | Found Tann's General Store.
   503 | D:1      | Glimpsed the power of Zot.
   553 | D:1      | Glimpsed the power of Zot.
   593 | D:1      | Glimpsed the power of Zot.
   603 | D:1      | Touched by the power of Zot.
   637 | D:2      | Noticed Terence
   682 | D:2      | Killed Terence
   683 | D:2      | Reached XP level 4. HP: 8/28 MP: 5/5
   768 | D:2      | Found a runed translucent door.
   769 | D:2      | Noticed Crazy Yiuf
   778 | D:2      | Killed Crazy Yiuf
   779 | D:2      | Reached XP level 5. HP: 31/36 MP: 6/6
  1013 | D:2      | Reached skill level 5 in Unarmed Combat
  1101 | D:2      | Noticed Sigmund
  1124 | D:2      | Killed Sigmund
  1125 | D:2      | Reached XP level 6. HP: 4/44 MP: 7/7
  1192 | D:3      | Noticed Ijyb
  1193 | D:3      | Noticed Grinder
  1208 | D:2      | Killed Ijyb
  1209 | D:2      | Reached skill level 6 in Unarmed Combat
  1209 | D:2      | Reached XP level 7. HP: 46/49 MP: 8/8
  1228 | D:3      | Killed Grinder
  1229 | D:3      | Reached skill level 5 in Dodging
  1353 | D:3      | Found a runed translucent door.
  1353 | D:3      | Noticed ChiefBigBeans's ghost (amateur TeHu)
  1487 | D:3      | Noticed Robin
  1494 | D:3      | Killed Robin
  1555 | D:3      | Killed ChiefBigBeans's ghost
  1556 | D:3      | Reached skill level 5 in Throwing
  1556 | D:3      | Reached skill level 7 in Unarmed Combat
  1556 | D:3      | Reached XP level 8. HP: 21/58 MP: 9/9
  1612 | D:3      | Found a basalt altar of Yredelemnul.
  1691 | D:4      | Found an iron altar of Okawaru.
  1717 | D:4      | Became a worshipper of Warmaster Okawaru
  1719 | D:4      | Found an opulent altar of Gozag.
  2112 | D:5      | Entered Level 5 of the Dungeon
  2252 | D:5      | Found a staircase to the Ecumenical Temple.
  2402 | D:5      | Reached skill level 5 in Fighting
  2402 | D:5      | Reached skill level 8 in Unarmed Combat
  2447 | D:5      | Found a sparkling altar of Nemelex Xobeh.
  2457 | D:5      | Reached * piety under Okawaru
  2544 | D:5      | Gained mutation: You passively map the area around you.
                  | [Meteoran growth]
  2544 | D:5      | Reached XP level 9. HP: 64/66 MP: 10/10
  2686 | D:6      | Reached skill level 1 in Armour
  2686 | D:6      | Reached skill level 1 in Invocations
  2995 | D:6      | Reached ** piety under Okawaru
  2996 | D:6      | Reached skill level 9 in Unarmed Combat
  3414 | D:6      | Found a burning altar of Makhleb.
  3420 | D:6      | Reached XP level 10. HP: 74/74 MP: 13/13
  3679 | D:7      | Reached skill level 5 in Armour
  3722 | D:7      | Found Veoryze's Distillery.
  3750 | D:7      | Reached *** piety under Okawaru
  3751 | D:7      | Reached skill level 10 in Unarmed Combat
  3760 | D:7      | Bought a potion of degeneration for 16 gold pieces
  4204 | D:8      | Reached **** piety under Okawaru
  4205 | D:8      | Reached skill level 11 in Unarmed Combat
  4214 | D:8      | Found a hazy altar of Hepliaklqana.
  4318 | D:8      | Reached XP level 11. HP: 82/83 MP: 15/15
  4374 | D:8      | Received a gift from Okawaru
  4398 | D:8      | Found a flagged portal.
  4413 | Bailey   | Entered a bailey
  4642 | Bailey   | Identified the +0 robe of Kudej {rElec rF+ rCorr Dex+4}
  4690 | Bailey   | Reached skill level 12 in Unarmed Combat
  4695 | Bailey   | Identified the staff of death "Cetiuvul" {rElec rC- rN+
                  | Will+++ Str+6 Stlth+}
  4850 | D:9      | Found a staircase to the Lair.
  4860 | D:9      | Noticed Pikel
  4883 | D:8      | Killed Pikel
  4883 | D:8      | Received a gift from Okawaru
  4982 | Lair:1   | Entered Level 1 of the Lair of Beasts
  5002 | Lair:1   | Reached ***** piety under Okawaru
  5128 | Lair:1   | Found a frozen archway.
  5139 | Lair:1   | Received a gift from Okawaru
  5149 | Lair:1   | Identified a scroll of acquirement
  5159 | IceCv    | Entered an ice cave
  5267 | IceCv    | Noticed an ice statue
  5404 | IceCv    | Reached skill level 13 in Unarmed Combat
  5431 | IceCv    | Reached skill level 5 in Invocations
  5617 | Lair:1   | Noticed a death yak
  5619 | Lair:1   | Noticed a death yak
  5619 | Lair:1   | Noticed a death yak
  5629 | Lair:1   | Killed a death yak
  5629 | Lair:1   | Received a gift from Okawaru
  5630 | Lair:1   | Reached XP level 12. HP: 82/94 MP: 9/17
  5634 | Lair:1   | Killed a death yak
  5634 | Lair:1   | Received a gift from Okawaru
  5644 | Lair:1   | Killed a death yak
  5754 | Lair:1   | Received a gift from Okawaru
  5857 | Lair:1   | Found the +8 whip "Snakebite" {venom, curare, rPois}
  5872 | Lair:1   | Glimpsed the power of Zot.
  5922 | Lair:1   | Glimpsed the power of Zot.
  5999 | Lair:2   | Noticed Fannar
  6013 | Lair:2   | Killed Fannar
  6013 | Lair:2   | Received a gift from Okawaru
  6016 | Lair:2   | Found a glowing silver altar of Zin.
  6085 | Lair:2   | Found a staircase to the Swamp.
  6147 | Lair:2   | Identified the ring of Bodily Harmony {rF+ MP+9 Str+3
                  | Slay-3 Stlth+}
  6164 | Lair:2   | Noticed a five-headed hydra
  6169 | Lair:2   | Killed a five-headed hydra
  6170 | Lair:2   | Reached skill level 10 in Throwing
  6170 | Lair:2   | Reached skill level 14 in Unarmed Combat
  6176 | Lair:2   | Found a staircase to the Snake Pit.
  6177 | Lair:2   | Received a gift from Okawaru
  6238 | Lair:3   | Noticed a lindwurm
  6288 | Lair:3   | Reached XP level 13. HP: 101/102 MP: 20/20
  6414 | Lair:3   | Noticed a death yak
  6414 | Lair:3   | Noticed a death yak
  6415 | Lair:3   | Noticed a death yak
  6435 | Lair:3   | Killed a death yak
  6443 | Lair:3   | Killed a death yak
  6457 | Lair:3   | Killed a death yak
  6633 | Lair:3   | Received a gift from Okawaru
  6940 | Lair:4   | Received a gift from Okawaru
  7146 | Lair:4   | Reached skill level 10 in Invocations
  7165 | Lair:4   | Reached skill level 15 in Unarmed Combat
  7210 | Lair:4   | Reached skill level 10 in Fighting
  7249 | Lair:4   | Acquired a manual of Dodging
  7263 | Lair:4   | Received a gift from Okawaru
  7264 | Lair:4   | Found a viscous altar of Jiyva.
  7264 | Lair:4   | Found a staircase to the Slime Pits.
  7485 | Lair:5   | Entered Level 5 of the Lair of Beasts
  7485 | Lair:5   | Noticed a five-headed hydra
  7492 | Lair:5   | Killed a five-headed hydra
  7551 | Lair:5   | Reached XP level 14. HP: 112/112 MP: 22/22
  7720 | Lair:5   | Reached skill level 10 in Dodging
  7906 | Lair:5   | Received a gift from Okawaru
  7911 | Lair:5   | Reached skill level 10 in Armour
  7932 | Lair:5   | Reached skill level 16 in Unarmed Combat
  7983 | Lair:5   | Reached ****** piety under Okawaru
  8026 | Lair:5   | Received a gift from Okawaru
  8139 | Lair:5   | Received a gift from Okawaru
  8241 | Lair:5   | Noticed a fire dragon
  8254 | Lair:5   | Killed a fire dragon
  8288 | Lair:5   | Identified the +2 arbalest of Truth {drain, rC++ rN++}
  8399 | Snake:1  | Entered Level 1 of the Snake Pit
  8423 | Snake:1  | You fall into a shaft and drop 1 floor!
  8485 | Snake:2  | Identified the +0 cloak of Charred Wonder {rCorr Str+10
                  | Int+2 Dex-5} (Okawaru gifted it to you on level 2 of the
                  | Snake Pit)
  8485 | Snake:2  | Received a gift from Okawaru
  8637 | Snake:3  | HP: 3/115 [black mamba[a naga ritualist] (11)]
  8637 | Snake:3  | Killed from afar by a shock serpent

Illustrated notes

Levels and vault maps discovered:
D:1:      sevenhm_arrival_forest_fort_large_4, layout_loops_ring, serial_shops,
          shop, nicolae_book_shop_shelving, minmay_tetromino_t4
D:2:      layout_rooms, lexackson_kobold_supper, uniq_terence,
          uniq_crazy_yiuf_cottage, uniq_sigmund
D:3:      layout_rooms, yredelemnul_forgotten_temple_becter,
          hellmonk_ghost_happy_afterlife, chequers_serial_rivers_room_b,
          uniq_ijyb, uniq_robin, uniq_grinder
D:4:      layout_basic, okawaru_trees_1,
          nicolae_gozag_cash_rules_everything_around_me
D:5:      layout_basic, lemuel_tele_altar, minmay_temple_entry_proselytizer
D:6:      layout_loops_corners, makhleb_heckhound_becter
D:7:      layout_rooms, serial_aquarium, aquarium_bridge_straight
          [aquarium_subvault_bridge, aquarium_subvault_wall,
          aquarium_subvault_bridge, aquarium_subvault_wall],
          aquarium_window_fake, aquarium_window_1, aquarium_window_fake,
          aquarium_window_fake, aquarium_view_4, aquarium_pool_2,
          kennysheep_small_circle
D:8:      layout_cave_pools, nicolae_hepliaklqana_hazy_memory, enter_bailey_3
D:9:      layout_gridville, kennysheep_mini, david_lair_shrubbed,
          kennysheep_cross_room, minmay_radiant, uniq_erica, uniq_maurice,
          uniq_pikel
Lair:1:   minmay_guarded_unrand_snakebite, layout_cave_pods,
          portal_ice_cave_rime, st_stairs_3
Lair:2:   layout_cave_shapes, swamp_mist_pool, guppyfry_snake_entry_island,
          basic_altar, uniq_fannar
Lair:3:   layout_gridlike
Lair:4:   layout_cave_pods, minmay_slime_entry_pillars, kennysheep_rathole,
          grunt_megastairs_2, infiniplex_staircase_pool, serial_bayou_shore_b
Lair:5:   hangedman_lair_caniforms_friends, layout_cave_pods,
          guppyfry_lair_end_dragon, chequers_serial_rivers_micro_c
Snake:1:  layout_layer_cave, drop_trap, st_stairs_7, serial_bayou_shore_b,
          uniq_donald
Snake:2:  layout_chambers, drop_trap, grunt_ministairs_8
Snake:3:  kennysheep_snake, layout_misc_corridors, uniq_vashnia, uniq_aizul

Skill      XL: |  1  2  3  4  5  6  7  8  9 10 11 12 13 14 |
---------------+-------------------------------------------+-----
Unarmed Combat | 4 5 6 7 8 9 11 13 14 15 16 | 16.7
Dodging        | 4 5 6 7 8 9 11 | 11.8
Throwing       | 3 4 5 6 7 9 10 11 12 | 12.1
Fighting       | 3 4 5 7 8 9 10 11 | 11.0
Armour         | 4 7 8 9 10 | 10.7
Invocations    | 3 4 5 8 10 | 10.2

Action                     |  1- 3 |  4- 6 |  7- 9 | 10-12 | 13-15 || total
---------------------------+-------+-------+-------+-------+-------++-------
  Melee: Unarmed           |    97 |    96 |   379 |   658 |   593 ||  1823
         Punch             |     1 |     6 |    23 |    54 |    71 ||   155
  Throw: Throwing net      |       |       |     1 |       |       ||     1
 Invoke: Heroism           |       |       |     1 |    10 |     9 ||    20
         Finesse           |       |       |       |     2 |     2 ||     4
    Use: Scroll            |       |       |     5 |    11 |     3 ||    19
         Potion            |       |       |       |     2 |     6 ||     8
 Armour: Leather armour    |    37 |    33 |   118 |    11 |       ||   199
         Plate armour      |       |       |       |   305 |   319 ||   624
  Dodge: Dodged            |    55 |    45 |   200 |   299 |   354 ||   953
  Block: Other             |       |       |    11 |   143 |   120 ||   274
         Reflection        |       |       |       |     5 |       ||     5
